[Event "*** Titled Tuesday Blitz"]
[Site "Chess.com"]
[Date "2020.05.05"]
[Round "1"]
[White "51616516516"]
[Black "emperor87"]
[Result "1-0"]
[WhiteElo "2297"]
[BlackElo "2589"]
[TimeControl "180+1"]
[EndTime "10:06:18 PDT"]
[Termination "51616516516 won by resignation"]

1. d4 d5 2. c4 e6 3. Nc3 Nf6 4. cxd5 Nxd5 5. e4 Nxc3 6. bxc3 c5 7. Nf3 Be7 8. Be2 O-O 9. O-O b6 10. d5 exd5 11. exd5 Bf6 12. Qd2 Bf5 13. Bb2 Nd7 14.
c4 Bxb2 15. Qxb2 Nf6 16. Rad1 Ne4 17. Ne5 Nd6 18. Nc6 Qc7 19. Qc3 Rfe8 20. Bf3 Be4 21. Bxe4 Rxe4 22. Rfe1 Rxc4 23. Qg3 Qd7 24. h3 Nf5 25.
Qg5 h6 26. Qxf5 Qxf5 27. Ne7+ Kf8 28. Nxf5 Rd8 29. Ne7 Rd4 30. Nc6 Rxd1 31. Rxd1 Rd7 32. d6 f6 33. Nb8 Rd8 34. d7 Rxb8 35. d8=Q+ Rxd8 36. Rxd8+ Ke7 37. Ra8 c4 38. Rxa7+ Kd6 39. Kf1 1-0

[Event "*** Titled Tuesday Blitz"]
[Site "Chess.com"]
[Date "2020.05.05"]
[Round "1"]
[White "Koksik_13"]
[Black "ItsCheckM8Mate"]
[Result "1-0"]
[WhiteElo "2594"]
[BlackElo "2264"]
[TimeControl "180+1"]
[EndTime "10:06:18 PDT"]
[Termination "Koksik_13 won by resignation"]

1. d4 Nf6 2. Nc3 d5 3. Bf4 e6 4. Nb5 Na6 5. e3 Be7 6. h3 O-O 7. Nf3 c6 8. Nc3 c5 9. Bxa6 bxa6 10. O-O Bb7 11. Ne5 Rc8 12. Rb1 Qb6 13. Bg5 Rfd8 14.
Re1 h6 15. Bh4 a5 16. Ng4 cxd4 17. exd4 Kh7 18. Qd3+ Kh8 19. Bxf6 Bxf6 20. Nxf6 gxf6 21. Na4 Qc7 22. Nc5 Rg8 23. Qf3 Rg6 24. Re3 Rcg8 25.
g3 e5 26. Nxb7 e4 27. Qf5 Qxb7 28. b3 Qc6 29. Rc1 a4 30. h4 axb3 31. axb3 a5 32. c4 Rd8 33. Rec3 Qe6 34. Qf4 dxc4 35. Rxc4 Kh7 36.
Rc6 Qxb3 37. Rxf6 Rxf6 38. Qxf6 Rd7 39. Qf5+ 1-0

[Event "*** Titled Tuesday Blitz"]
[Site "Chess.com"]
[Date "2020.05.05"]
[Round "1"]
[White "Spartakus1975"]
[Black "WeAintSurePal"]
[Result "1-0"]
[WhiteElo "2754"]
[BlackElo "2395"]
[TimeControl "180+1"]
[EndTime "10:06:19 PDT"]
[Termination "Spartakus1975 won by resignation"]

1. e4 e5 2. Nf3 Nc6 3. Bb5 a6 4. Bxc6 dxc6 5. O-O Qf6 6. d4 exd4 7. Qxd4 Qxd4 8. Nxd4 c5 9. Ne2 Be6 10. Nbc3 O-O-O 11.
f3 f6 12. Be3 Bd6 13. Bf4 Ne7 14. Rad1 Bxf4 15. Nxf4 Bf7 16. Kf2 b6 17. a3 Rxd1 18. Rxd1 Rd8 19. Rxd8+ Kxd8 20. h4 Kd7 21. g4 Kd6 22.
Ke3 Nc6 23. Nce2 Ne5 24. b3 a5 25. Nd3 Nc6 26. Nb2 Ne5 27. g5 fxg5 28. hxg5 h5 29. gxh6 gxh6 30. f4 Ng4+ 31. Kf3 Bh5 32. Ng3 Nf6+ 33.
Nxh5 Nxh5 34. Kg4 Ng7 35. Nc4+ Ke6 36. f5+ Kf6 37. e5+ Kf7 38. Ne3 c6 39. Nc4 b5 40.
Nxa5 1-0

[Event "*** Titled Tuesday Blitz"]
[Site "Chess.com"]
[Date "2020.05.05"]
[Round "1"]
[White "MarcoRiehle"]
[Black "agrigo3"]
[Result "0-1"]
[WhiteElo "2608"]
[BlackElo "2321"]
[TimeControl "180+1"]
[EndTime "10:06:19 PDT"]
[Termination "agrigo3 won by resignation"]

1. e4 d6 2. d4 Nf6 3. f3 e5 4. d5 Be7 5. Be3 Nh5 6. Qd2 h6 7. Ne2 Bg5 8. g3 Bxe3 9. Qxe3 c6 10. c4 cxd5 11. cxd5 b5 12. a3 Nd7 13. Bg2 Qb6 14. Qxb6 Nxb6 15. O-O Bd7 16. Nd2 a5 17. Rfc1 Ke7 18.
Rc7 Rhc8 19. Rac1 Kd8 20. Rxc8+ Rxc8 21. Rxc8+ Kxc8 22. Kf2 g6 23. Nb3 Nc4 24. Nc3 a4 25. Nc1 Nxb2 26. Bf1 Nc4 27. Bxc4 bxc4 28. N1a2 Kb7 29.
Nb4 Kb6 30. Nc2 Kc5 31. Ne3 Kd4 32. Ned1 Kd3 33. Nxa4 Bxa4 34. Nb2+ Kd2 35. Nxa4 c3 36. Nb6 c2 37. Nc4+ Kc3 38. Nxd6 c1=Q 39. Nxf7 Qd2+ 40.
Kg1 Qe3+ 41. Kg2 Qe2+ 42. Kh3 Qxf3 43. Nxe5 Nf4+ 0-1

[Event "*** Titled Tuesday Blitz"]
[Site "Chess.com"]
[Date "2020.05.05"]
[Round "1"]
[White "zala02"]
[Black "Gennady_Kozlov"]
[Result "0-1"]
[WhiteElo "2243"]
[BlackElo "2575"]
[TimeControl "180+1"]
[EndTime "10:06:19 PDT"]
[Termination "Gennady_Kozlov won by checkmate"]

1. d4 e5 2. dxe5 Nc6 3. Nf3 Bc5 4. e3 Nge7 5. Be2 Ng6 6. O-O Qe7 7. b3 Ncxe5 8. Bb2 d6 9. c4 O-O 10. Nc3 Nxf3+ 11. Bxf3 c6 12. Rc1 Ne5 13. Be2 Bf5 14.
Na4 Rad8 15. Nc3 Qh4 16. g3 Qh3 17. Re1 Bg4 18. Bf1 Qh5 19. Be2 Bxe2 20. Qxe2 Nf3+ 21. Kf1 Qh3# 0-1

[Event "*** Titled Tuesday Blitz"]
[Site "Chess.com"]
[Date "2020.05.05"]
[Round "1"]
[White "VNeimer"]
[Black "szefru"]
[Result "1-0"]
[WhiteElo "2505"]
[BlackElo "2091"]
[TimeControl "180+1"]
[EndTime "10:06:19 PDT"]
[Termination "VNeimer won by resignation"]

1. d4 Nf6 2. Nf3 g6 3. g3 Bg7 4. Bg2 d5 5. O-O O-O 6. c4 c6 7. Qb3 dxc4 8. Qxc4 Be6 9. Qc2 Bf5 10. Qb3 Qb6 11. Qxb6 axb6 12. Nc3 Ne4 13. Nh4 Nxc3 14. bxc3 Bd7 15. Bg5 e5 16. Nf3 e4 17. Ne5 f6 18.
Nxd7 Nxd7 19. Bf4 f5 20. e3 b5 21. f3 exf3 22. Bxf3 Ra6 23. a3 Rfa8 24. Bd6 Bf8 25. Bxf8 Kxf8 26. e4 fxe4 27. Bxe4+ Kg8 28. d5 Nc5 29. Bg2 Rxa3 30. Rxa3 Rxa3 31. dxc6 bxc6 32. Bxc6 Rb3 33. Bd5+ Kg7 34. Rf7+ Kh6 35. Bxb3 Nxb3 36. Rb7 Nd2 37. Rxb5 Ne4 38. c4 Nd6 39. Rc5 1-0

[Event "*** Titled Tuesday Blitz"]
[Site "Chess.com"]
[Date "2020.05.05"]
[Round "1"]
[White "kleinebeer98"]
[Black "Rap_woyska"]
[Result "1-0"]
[WhiteElo "2693"]
[BlackElo "2359"]
[TimeControl "180+1"]
[EndTime "10:06:20 PDT"]
[Termination "kleinebeer98 won by resignation"]

1. e4 e6 2. d4 d5 3. Nc3 Nf6 4. Bg5 dxe4 5. Nxe4 Be7 6. Bxf6 gxf6 7. Nf3 f5 8. Nc3 a6 9. g3 b5 10. Bg2 Bb7 11.
Qe2 Qd6 12. O-O-O Nd7 13. Rhe1 Nb6 14. d5 Nxd5 15. Nxd5 Bxd5 16. Ne5 c6 17. Nxc6 Bxg2 18. Rxd6 Bxd6 19. f3 Bh3 20. Qd2 Be7 21. Qh6 Bg2 22. Rxe6 fxe6 23. Qxe6 1-0

[Event "*** Titled Tuesday Blitz"]
[Site "Chess.com"]
[Date "2020.05.05"]
[Round "1"]
[White "barbara25"]
[Black "stoleriu"]
[Result "0-1"]
[WhiteElo "2218"]
[BlackElo "2561"]
[TimeControl "180+1"]
[EndTime "10:06:20 PDT"]
[Termination "stoleriu won by resignation"]

1. e4 e6 2. d4 d5 3. Nc3 Bb4 4. e5 c5 5. a3 Bxc3+ 6. bxc3 Qc7 7. Nf3 Ne7 8. Bd2 b6 9. Bb5+ Bd7 10. Bxd7+ Nxd7 11. a4 Nc6 12. O-O h6 13. Be3 Na5 14. Nd2 Rc8 15. Ra2 cxd4 16. cxd4 Nc4 17. Nxc4 Qxc4 18. Qa1 O-O 19. a5 b5 20. f4 f5 21. Rf3 a6 22.
Rg3 Nb8 23. Bf2 Rf7 24. c3 Rfc7 25. h4 b4 26. cxb4 Qxb4 27. Kh2 Rc1 28. Qb2 Qc4 29.
Qe2 Nc6 30. Qh5 Qf1 31. Rg6 Qh1+ 32. Kg3 Rc3+ 0-1

[Event "*** Titled Tuesday Blitz"]
[Site "Chess.com"]
[Date "2020.05.05"]
[Round "1"]
[White "Zkid"]
[Black "THE_PLAYER6"]
[Result "1-0"]
[WhiteElo "2807"]
[BlackElo "2418"]
[TimeControl "180+1"]
[EndTime "10:06:21 PDT"]
[Termination "Zkid won by resignation"]

1. c4 e6 2. g3 d5 3. Nf3 Nf6 4. Bg2 Be7 5. O-O O-O 6. b3 d4 7. e3 c5 8. exd4 cxd4 9. Ne5 Nbd7 10. Nxd7 Nxd7 11. d3 Qc7 12. Re1 e5 13. Nd2 a5 14.
Nf3 f6 15. Nxd4 Bb4 16. Ne6 Qd6 17. Nxf8 Bxe1 18. Nxd7 Bc3 19. Bd5+ Kh8 20. Nxf6 Qxf6 21. Rb1 Bf5 22. Bd2 Bd4 23. Qf3 Rf8 24. Be3 Bxd3 25.
Qxf6 Rxf6 26. Rd1 Bxe3 27. fxe3 e4 28. Bxe4 1-0

[Event "*** Titled Tuesday Blitz"]
[Site "Chess.com"]
[Date "2020.05.05"]
[Round "1"]
[White "vovachesss"]
[Black "Stronger1799"]
[Result "1-0"]
[WhiteElo "2582"]
[BlackElo "2186"]
[TimeControl "180+1"]
[EndTime "10:06:22 PDT"]
[Termination "vovachesss won by checkmate"]

1. e4 c5 2. d4 cxd4 3. c3 dxc3 4. Nxc3 Nc6 5. Nf3 e6 6. Bc4 Nge7 7. Bg5 f6 8. Bf4 a6 9. O-O Ng6 10. Bg3 Be7 11.
Qe2 O-O 12. Rfd1 Nge5 13. Bb3 b5 14. Bxe6+ Kh8 15. Bb3 Bc5 16. Rac1 Qb6 17. Nd5 Qa7 18. Nh4 a5 19. Qh5 g6 20. Qh6 Bxf2+ 21. Kh1 Ba6 22. Rxc6 dxc6 23. Bxe5 Bxh4 24. Nc7 fxe5 25. Ne6 Bf6 26.
Nxf8 Bg7 27. Nxg6# 1-0

[Event "*** Titled Tuesday Blitz"]
[Site "Chess.com"]
[Date "2020.05.05"]
[Round "1"]
[White "Macron20hTF1"]
[Black "AVolodin"]
[Result "0-1"]
[WhiteElo "2346"]
[BlackElo "2682"]
[TimeControl "180+1"]
[EndTime "10:06:23 PDT"]
[Termination "AVolodin won by checkmate"]

1. f4 d5 2. Nf3 c5 3. g3 a6 4. Bg2 Nc6 5. d3 g6 6. O-O Bg7 7. e4 Nh6 8. c3 O-O 9. exd5 Qxd5 10.
Ne5 Qd6 11. Nxc6 bxc6 12. Qe2 Bg4 13. Qf2 Qxd3 14. Be3 Rab8 15. Na3 Rxb2 16. Qxb2 Qxe3+ 17. Kh1 Bxc3 18. Qb3 Be6 19. Nc4 Bxc4 20. Qxc4 Bxa1 21. Rxa1 Qd4 22. Rc1 Ng4 23. Qxc5 Qxc5 24. Rxc5 Rd8 25. Bf3 Nf2+ 26. Kg2 Rd2 27. Rxc6 Rxa2 28. Rc8+ Kg7 29. Ra8 Ng4+ 30. Kh3 Rxh2+ 31. Kxg4 h5+ 32. Kg5 f6# 0-1

[Event "*** Titled Tuesday Blitz"]
[Site "Chess.com"]
[Date "2020.05.05"]
[Round "1"]
[White "shnitez"]
[Black "Juanovic"]
[Result "1-0"]
[WhiteElo "2528"]
[BlackElo "2166"]
[TimeControl "180+1"]
[EndTime "10:06:23 PDT"]
[Termination "shnitez won on time"]

1. e4 c5 2. Nf3 Nc6 3. Bb5 Nd4 4. Nxd4 cxd4 5. O-O a6 6. Bc4 e6 7. d3 Ne7 8. Nd2 Nc6 9. a3 b5 10. Ba2 Be7 11. Qg4 O-O 12. f4 f5 13. exf5 Kh8 14.
fxe6 dxe6 15. Ne4 e5 16. f5 Qe8 17. Bg5 g6 18. Be6 gxf5 19. Bxf5 Bxf5 20. Rxf5 Qg6 21.
Raf1 Rxf5 22. Qxf5 Qxf5 23. Rxf5 Bxg5 24. Nxg5 Rc8 25.
Rf7 h6 26. Ne4 Nd8 27. Rd7 Ne6 28. Nf6 Nf8 29. Rf7 h5 30. h4 a5 31. Kh2 b4 32.
axb4 axb4 33. Kg3 1-0

[Event "*** Titled Tuesday Blitz"]
[Site "Chess.com"]
[Date "2020.05.05"]
[Round "1"]
[White "Vamostodorecto"]
[Black "AlanZhang"]
[Result "1-0"]
[WhiteElo "2532"]
[BlackElo "2183"]
[TimeControl "180+1"]
[EndTime "10:06:25 PDT"]
[Termination "Vamostodorecto won on time"]

1. d4 Nf6 2. c4 e6 3. Nc3 d5 4. cxd5 exd5 5. Bg5 c6 6. Qc2 Be7 7. e3 O-O 8. Bd3 Nbd7 9. Nge2 Re8 10. O-O Nf8 11.
f3 h6 12. Bh4 Ne6 13. Kh1 c5 14. Bb5 Bd7 15. Bxd7 Qxd7 16. dxc5 Nxc5 17. Rad1 g5 18. Bf2 Red8 19. e4 Qc6 20. Nd4 Qc7 21. Bg3 Qb6 22. Nf5 Bf8 23. e5 Nfd7 24. Nxd5 Qa5 25. b4 Qa4 26.
Qb1 Ne6 27. h4 Nb6 28. Nf6+ Kh8 29. hxg5 Nxg5 30. f4 Ne6 31. Nxh6 1-0

[Event "*** Titled Tuesday Blitz"]
[Site "Chess.com"]
[Date "2020.05.05"]
[Round "1"]
[White "wonderfultime"]
[Black "Jeffinho023"]
[Result "1-0"]
[WhiteElo "2916"]
[BlackElo "2457"]
[TimeControl "180+1"]
[EndTime "10:06:26 PDT"]
[Termination "wonderfultime won by resignation"]

1. d4 Nf6 2. Nf3 d5 3. Bf4 c6 4. e3 Bf5 5. c4 e6 6. Nc3 Nbd7 7. h3 Bb4 8. Qb3 Qa5 9. a3 Bxc3+ 10. bxc3 O-O 11. Qb4 Qxb4 12. axb4 a6 13. Be2 h6 14. c5 Ne4 15. Ra3 Rae8 16. O-O f6 17.
Bh2 e5 18. c4 dxc4 19. Bxc4+ Be6 20. Bd3 Bd5 21. Rd1 exd4 22. Nxd4 Ne5 23. Bf1 Nc4 24. Bxc4 Bxc4 25. h4 f5 26. f3 Nf6 27. Nxf5 Be6 28.
Nd6 Rd8 29. e4 Rd7 30. Rad3 Rfd8 31. Be5 Ne8 32. Kf2 Nc7 33. Ke3 Nb5 34. Nxb7 Rxd3+ 35. Rxd3 Rxd3+ 36. Kxd3 Kf7 37. Nd8+ Ke7 38. Nxc6+ 1-0

[Event "*** Titled Tuesday Blitz"]
[Site "Chess.com"]
[Date "2020.05.05"]
[Round "1"]
[White "Chepaschess"]
[Black "CalinGheorghiu"]
[Result "1-0"]
[WhiteElo "2743"]
[BlackElo "2390"]
[TimeControl "180+1"]
[EndTime "10:06:26 PDT"]
[Termination "Chepaschess won by resignation"]

1. d4 Nf6 2. c4 e6 3. Nf3 d5 4. g3 Be7 5. Bg2 O-O 6. O-O dxc4 7. Qc2 b6 8. Bg5 Nd5 9. Bxe7 Qxe7 10. e4 Nb4 11. Qc3 b5 12. a4 c6 13.
Na3 a6 14. b3 cxb3 15. Qxb3 bxa4 16. Qxa4 a5 17. Rfc1 Nd7 18. Nc4 Ba6 19. Nxa5 Bb5 20. Qa3 Rfb8 21. Rab1 Nd5 22. Qxe7 Nxe7 23. Ra1 Nb6 24.
Ne5 Rc8 25. Nb7 Rxa1 26. Rxa1 Nc4 27. Nxc4 Bxc4 28. Nd6 c5 29. dxc5 1-0

[Event "*** Titled Tuesday Blitz"]
[Site "Chess.com"]
[Date "2020.05.05"]
[Round "1"]
[White "zajka-molotok"]
[Black "VladimirBelous"]
[Result "0-1"]
[WhiteElo "2384"]
[BlackElo "2736"]
[TimeControl "180+1"]
[EndTime "10:06:26 PDT"]
[Termination "VladimirBelous won by checkmate"]

1. d4 Nf6 2. c4 g6 3. Nc3 Bg7 4. e4 d6 5. Be2 O-O 6. Be3 e5 7. d5 Na6 8. g4 Nc5 9. f3 a5 10. h4 h5 11. g5 Nh7 12. Qd2 f5 13. O-O-O Bd7 14. Nh3 fxe4 15. fxe4 a4 16. Nf2 Rf4 17.
Bxc5 dxc5 18. Nd3 Qe7 19. Nxf4 exf4 20. Qxf4 a3 21. Qd2 axb2+ 22. Qxb2 b6 23. Rhf1 Nf8 24. Bd3 Be8 25. e5 Qxe5 26. Kc2 Rxa2 27. Qxa2 Qxc3+ 28. Kb1 Ba4 29. Bc2 Bxc2+ 30. Qxc2 Qa1# 0-1

[Event "*** Titled Tuesday Blitz"]
[Site "Chess.com"]
[Date "2020.05.05"]
[Round "1"]
[White "MFBerna"]
[Black "Paladin61"]
[Result "0-1"]
[WhiteElo "2329"]
[BlackElo "2653"]
[TimeControl "180+1"]
[EndTime "10:06:26 PDT"]
[Termination "Paladin61 won by resignation"]

1. e4 c5 2. Nf3 d6 3. d4 cxd4 4.
Nxd4 Nf6 5. Nc3 a6 6. Be2 e5 7. Nb3 Be7 8. O-O O-O 9. a4 Be6 10. f4 exf4 11. Bxf4 Nc6 12. Kh1 Rc8 13. Nd4 Ne5 14.
Qe1 Nfd7 15. Qg3 Bh4 16. Qe3 Re8 17. Rad1 Nc4 18. Bxc4 Bxc4 19. Rf3 d5 20. Nf5 Bf6 21.
Nd6 d4 22. Rxd4 Bxd4 23. Qxd4 Nf8 24. Bh6 Ne6 25. Qd2 gxh6 26. Qxh6 Nf8 27. e5 Rxe5 28. Rg3+ Ng6 29. h3 Qxd6 0-1

[Event "*** Titled Tuesday Blitz"]
[Site "Chess.com"]
[Date "2020.05.05"]
[Round "1"]
[White "AlphalphaZero"]
[Black "salomez"]
[Result "0-1"]
[WhiteElo "2544"]
[BlackElo "2234"]
[TimeControl "180+1"]
[EndTime "10:06:26 PDT"]
[Termination "salomez won by resignation"]

1. e4 c5 2. Nf3 e6 3. d4 cxd4 4. Nxd4 Nf6 5. Nc3 Nc6 6. Be2 Bb4 7. O-O Bxc3 8. bxc3 Nxe4 9. Qd3 d5 10. Ba3 Qa5 11.
Nb5 a6 12. Nd6+ Nxd6 13. Bxd6 Qd8 14. Qg3 Ne7 15. Qxg7 Rg8 16. Bxe7 Rxg7 17. Bxd8 Kxd8 18. c4 dxc4 19. Bxc4 Bd7 20. Rfd1 Rc8 21. Bb3 Ke7 22. Rd4 Bc6 23. Re1 Rxg2+ 24. Kf1 Rxh2 25. Ke2 Bb5+ 26. c4 Bc6 27. Rg1 e5 28. Rdg4 h5 29. Rg5 Kf6 30.
Bc2 Bd7 31. R5g3 Rxc4 32. Bb3 Rf4 33. Rf3 Bg4 0-1

[Event "*** Titled Tuesday Blitz"]
[Site "Chess.com"]
[Date "2020.05.05"]
[Round "1"]
[White "KaterinaMiroshnik"]
[Black "Alexander_Donchenko"]
[Result "0-1"]
[WhiteElo "2421"]
[BlackElo "2809"]
[TimeControl "180+1"]
[EndTime "10:06:27 PDT"]
[Termination "Alexander_Donchenko won by resignation"]

1. d3 d5 2. Nd2 e5 3. Ngf3 Nc6 4. e4 Nf6 5. Be2 Bc5 6. O-O O-O 7. c3 h6 8. Qc2 Be6 9. b3 a5 10. Bb2 Qe7 11.
a3 Bb6 12. Rae1 Rfd8 13. Rd1 Rd7 14. h3 Rad8 15. Rfe1 dxe4 16. dxe4 Qc5 17. Rf1 Nh5 18. Nc4 Rxd1 19. Bxd1 Bxc4 20. bxc4 Nf4 21. Nd2 Qd6 22. Nf3 Ne7 23. Bc1 Neg6 24. Be2 Qc5 25. Be3 Qxa3 26. Bxb6 cxb6 27. Rb1 Qxc3 28. Qa2 Rd6 29. c5 Qxc5 30. Bf1 Rf6 31. Rb5 Qd6 32. Nd2 Qd4 33.
Nb3 Qxe4 34. Rxb6 Rxb6 0-1

[Event "*** Titled Tuesday Blitz"]
[Site "Chess.com"]
[Date "2020.05.05"]
[Round "1"]
[White "LizaSolovyova"]
[Black "tan275"]
[Result "1-0"]
[WhiteElo "2536"]
[BlackElo "2192"]
[TimeControl "180+1"]
[EndTime "10:06:27 PDT"]
[Termination "LizaSolovyova won by resignation"]

1. d4 Nf6 2. Nc3 e6 3. Bg5 c5 4. d5 e5 5. d6 Qb6 6. e4 Bxd6 7.
Bxf6 gxf6 8. Nd5 Qd8 9. Nf3 Nc6 10. Nh4 Bf8 11. c3 d6 12. Qf3 Be7 13. Nf5 Bxf5 14.
Qxf5 a6 15. O-O-O O-O 16. h4 Kh8 17. Rh3 Rg8 18. Rf3 Rg6 19. g3 b5 20. Kb1 Rb8 21.
Bh3 b4 22. Qd7 bxc3 23. Rxc3 Nb4 24. Qxe7 Qa5 25. Nxb4 Qxb4 26. Rc2 Qxe4 27. Qxd6 Qb4 28. h5 Rh6 29. Qxc5 Qxc5 30. Rxc5 Rxh5 31. Rc8+ 1-0

[Event "*** Titled Tuesday Blitz"]
[Site "Chess.com"]
[Date "2020.05.05"]
[Round "1"]
[White "PawnEatingZombie"]
[Black "Mizner"]
[Result "0-1"]
[WhiteElo "2153"]
[BlackElo "2523"]
[TimeControl "180+1"]
[EndTime "10:06:27 PDT"]
[Termination "Mizner won on time"]

1. d4 d5 2. c4 e6 3. Nc3 Nf6 4. cxd5 Nxd5 5. e4 Nxc3 6. bxc3 c5 7. Rb1 cxd4 8. cxd4 Nc6 9. d5 exd5 10. exd5 Bb4+ 11. Rxb4 Qe7+ 12. Be2 Nxb4 13. a3 Na6 14. Nf3 O-O 15. O-O Qd6 16. Bb2 Nc5 17. Qd4 f6 18. Bc4 Bd7 19. Qh4 Rae8 20. Bd4 b5 21. Ba2 Bf5 22. Bxc5 Qxc5 23. d6+ Be6 0-1

[Event "*** Titled Tuesday Blitz"]
[Site "Chess.com"]
[Date "2020.05.05"]
[Round "1"]
[White "Willychess95"]
[Black "konradrutkowski"]
[Result "1-0"]
[WhiteElo "2530"]
[BlackElo "2171"]
[TimeControl "180+1"]
[EndTime "10:06:28 PDT"]
[Termination "Willychess95 won by resignation"]

1. e4 e5 2. Nf3 Nc6 3. Bc4 Nf6 4. Ng5 d5 5. exd5 Na5 6. Bb5+ c6 7. dxc6 bxc6 8. Qf3 e4 9. Nxe4 cxb5 10. Nxf6+ Qxf6 11.
Qxa8 Qe6+ 12. Kd1 Be7 13. Re1 Qd7 14. d3 O-O 15. Qe4 Bf6 16. Nc3 Bb7 17. Qe2 Bxg2 18. Bd2 Nc6 19. Ne4 Bxb2 20. Bc3 Bxa1 21. Bxa1 f5 22. Nc5 Qd5 23. Qe6+ Qxe6 24. Nxe6 Re8 25.
Nxg7 Bf3+ 26. Kd2 Rc8 27. Nxf5 Nb4 28. Ne7+ 1-0

[Event "*** Titled Tuesday Blitz"]
[Site "Chess.com"]
[Date "2020.05.05"]
[Round "1"]
[White "jonaszmb"]
[Black "ZverevLev"]
[Result "1-0"]
[WhiteElo "2491"]
[BlackElo "2053"]
[TimeControl "180+1"]
[EndTime "10:06:29 PDT"]
[Termination "jonaszmb won by resignation"]

1. d4 Nf6 2. c4 e6 3. Nf3 d5 4.
g3 dxc4 5. Bg2 Be7 6. O-O O-O 7.
Nc3 Nc6 8. e4 Rb8 9. Qe2 b5 10.
Rd1 Nb4 11. Ne5 Bb7 12. Nxb5 Bxe4 13. Bxe4 Nxe4 14. Nxa7 Qd5 15. Qxc4 Qxc4 16. Nxc4 Nc2 17. Rb1 Nc3 18. Nc6 Nxd1 19. Nxe7+ Kh8 20. Bd2 Nxd4 21. Rxd1 Rfe8 22. Be3 Rxe7 23. Bxd4 f6 24. Bc3 e5 25. a4 c5 26. a5 h5 27. Nb6 g5 28. Kg2 Kg7 29.
Rd6 Kf7 30. Nd5 Re6 31. Rd7+ Kg8 1-0

[Event "*** Titled Tuesday Blitz"]
[Site "Chess.com"]
[Date "2020.05.05"]
[Round "1"]
[White "HarutyunianTigranK"]
[Black "ZEN-22"]
[Result "1-0"]
[WhiteElo "2704"]
[BlackElo "2364"]
[TimeControl "180+1"]
[EndTime "10:06:30 PDT"]
[Termination "HarutyunianTigranK won by resignation"]

1. c4 d5 2. cxd5 c6 3. dxc6 Nxc6 4. Nc3 e5 5. d3 Bc5 6. Nf3 Nf6 7. e3 O-O 8. Be2 a6 9. O-O Ba7 10. b3 Re8 11. Bb2 Bf5 12. Rc1 Qd6 13. Nd2 Rad8 14. Nde4 Qe7 15. Nxf6+ Qxf6 16. a3 Qg6 17. e4 Bh3 18.
Bf3 Nd4 19. Kh1 Nxf3 20. Qxf3 Rxd3 21. Qxh3 Rxh3 22. gxh3 Qh5 23. Kg2 Re6 24. Ne2 h6 25. Ng3 Qh4 26. Rc7 Rg6 27. f3 Qg5 28. Bc1 Be3 29.
h4 Qf4 30. h5 Rd6 31. Nf5 Bxc1 32. Nxd6 Qg5+ 33. Kh1 Bf4 34. Rc8+ Kh7 35. Rh8+ Kxh8 36.
Nxf7+ Kh7 37. Nxg5+ hxg5 38. Rd1 a5 39. Rd7 Bc1 40.
a4 b6 41. Rd6 Be3 42. Rg6 Kg8 43.
h6 Kh7 44. hxg7 Kg8 45. Kg2 1-0

[Event "*** Titled Tuesday Blitz"]
[Site "Chess.com"]
[Date "2020.05.05"]
[Round "1"]
[White "Vusatiuk_Vladimir"]
[Black "Saxar85"]
[Result "0-1"]
[WhiteElo "2325"]
[BlackElo "2650"]
[TimeControl "180+1"]
[EndTime "10:06:30 PDT"]
[Termination "Saxar85 won by resignation"]

1. e4 d6 2. d4 g6 3. Nc3 Bg7 4. Be3 a6 5. a4 b6 6. Qd2 Bb7 7. h4 Nf6 8. f3 h6 9. g4 Nbd7 10.
Nge2 e6 11. h5 g5 12. d5 Ne5 13. Ng1 Qe7 14. O-O-O b5 15. axb5 O-O 16. f4 Nexg4 17.
fxg5 Nxe3 18. Qxe3 Ng4 19. Qf4 Qxg5 20. Qxg5 hxg5 21.
Nh3 Bh6 22. bxa6 Bxa6 23. Bxa6 Rxa6 24. b3 Ne3 25. Rdg1 g4 26. Kb2 Kh7 27. Nf2 Rg8 28.
Rg3 Bf4 29. Rgg1 Be5 30. Nd3 Bd4 31. Nb4 Rb6 32. Nc6 Nc4+ 33. Kb1 Bxc3 34. h6 Ra8 0-1

[Event "*** Titled Tuesday Blitz"]
[Site "Chess.com"]
[Date "2020.05.05"]
[Round "1"]
[White "Quattroporte300"]
[Black "Firegrizzly"]
[Result "0-1"]
[WhiteElo "2322"]
[BlackElo "2644"]
[TimeControl "180+1"]
[EndTime "10:06:30 PDT"]
[Termination "Firegrizzly won on time"]

1. e4 e6 2. d4 d5 3. Nd2 Be7 4. c3 c5 5. Ngf3 Nf6 6. e5 Nfd7 7.
Bd3 Nc6 8. O-O Qb6 9. dxc5 Nxc5 10. Bc2 Qc7 11. Re1 a5 12. Nb3 Nd7 13. Bf4 a4 14.
Nbd4 a3 15. Nb5 Qa5 16. Nd6+ Bxd6 17. exd6 axb2 18. Rb1 Qxc3 19. Re3 Qb4 20. g3 Nf6 21. Rb3 Qc5 22. R3xb2 O-O 23. Rc1 Qa3 24. Rb3 Qxa2 25.
Bg5 Ne4 26. Bxe4 dxe4 27. Nd2 Nd4 28. Re3 f6 29. Bh4 Nf5 30. Rxe4 Bd7 31. Nc4 Rfc8 32. Nb6 Rxc1 33. Qxc1 Qa1 34. Qxa1 Rxa1+ 35. Kg2 Bc6 36. d7 Rd1 0-1

[Event "*** Titled Tuesday Blitz"]
[Site "Chess.com"]
[Date "2020.05.05"]
[Round "1"]
[White "Piotrek1979"]
[Black "Gahan-MG"]
[Result "0-1"]
[WhiteElo "2277"]
[BlackElo "2603"]
[TimeControl "180+1"]
[EndTime "10:06:31 PDT"]
[Termination "Gahan-MG won on time"]

1. e4 c5 2. Nf3 e6 3. d4 cxd4 4. Nxd4 a6 5. Bd3 Nf6 6. Qe2 d6 7. O-O Be7 8. c4 O-O 9. b3 Qc7 10. Bb2 b6 11. Nd2 Bb7 12. f4 Nbd7 13. Rae1 Rfd8 14.
Kh1 e5 15. Nf5 Bf8 16. Bb1 b5 17. cxb5 axb5 18. Nf3 Re8 19. fxe5 Nxe5 20. Nxe5 dxe5 21. Nh6+ Kh8 22. Nf5 b4 23. Rf3 g6 24. Ne3 Bg7 25.
Nc4 Nh5 26. g3 Rad8 27. Ref1 f5 28. Rxf5 gxf5 29. Qxh5 f4 30. Kg2 Ba6 31. gxf4 Bxc4 32. bxc4 Rd2+ 33. Kh3 Qd7+ 34. f5 Rxb2 35. Rd1 Qe7 36.
c5 Rf8 37. Bd3 Qxc5 38. f6 Qe3+ 0-1

[Event "*** Titled Tuesday Blitz"]
[Site "Chess.com"]
[Date "2020.05.05"]
[Round "1"]
[White "fridaywins"]
[Black "Joshukid"]
[Result "0-1"]
[WhiteElo "2236"]
[BlackElo "2568"]
[TimeControl "180+1"]
[EndTime "10:06:31 PDT"]
[Termination "Joshukid won by resignation"]

1. e4 g6 2. d4 Bg7 3. Nc3 d5 4. Nxd5 c6 5. Ne3 Qxd4 6. Qxd4 Bxd4 7. c3 Bb6 8. Bd3 e5 9. Ne2 Be6 10. Nc4 Bc7 11. Be3 Nd7 12. O-O-O b5 13. Nd2 a5 14.
a3 f5 15. f3 Ngf6 16. Bc2 c5 17. Rhe1 Kf7 18. exf5 gxf5 19. f4 e4 20. h3 h5 21. Nf1 Rhc8 22. g3 b4 23. a4 b3 24.
Bb1 Bd8 25. Bf2 Be7 26. Ne3 Nb6 27. g4 hxg4 28. hxg4 fxg4 29. f5 Bd7 30. Ng3 Bc6 31. Ng2 Nxa4 32. Nxe4 Rd8 33. Nf4 Rxd1+ 34. Kxd1 Nxb2+ 35. Kc1 Nxe4 36. Bxe4 Bxe4 37. Kxb2 a4 38. Rxe4 a3+ 39.
Kxb3 a2 40. Re1 a1=Q 41. Rxa1 Rxa1 42. Kc4 Ra4+ 43. Kd5 Rxf4 44. Be3 Rxf5+ 45. Ke4 Ke6 46. c4 Re5+ 47. Kf4 Bg5+ 48. Kxg4 Bxe3 49. Kf3 Kf5 50. Ke2 Re4 51. Kd3 Kf4 52. Kc3 Bf2 53. Kd3 Be1 54. Kc2 Rxc4+ 55. Kd3 Rd4+ 56. Ke2 c4 0-1

[Event "*** Titled Tuesday Blitz"]
[Site "Chess.com"]
[Date "2020.05.05"]
[Round "1"]
[White "DaggiGretarsson"]
[Black "madalin18"]
[Result "1-0"]
[WhiteElo "2523"]
[BlackElo "2155"]
[TimeControl "180+1"]
[EndTime "10:06:31 PDT"]
[Termination "DaggiGretarsson won by resignation"]

1. d4 Nf6 2. c4 g6 3. Nc3 Bg7 4. e4 d6 5. f4 O-O 6. Nf3 c5 7. dxc5 dxc5 8. Bd3 Nc6 9. e5 Nh5 10. O-O Nd4 11. Be4 Bg4 12. Bxb7 Rb8 13. Be4 Bh6 14. h3 Bxf3 15. Bxf3 Nxf4 16. Be4 g5 17. Bxf4 gxf4 18.
Qh5 f5 19. Qxh6 fxe4 20. Rxf4 Rxf4 21. Qxf4 Rxb2 22. Qxe4 e6 23. Rf1 Qg5 24. Qa8+ Kg7 25. Qf8+ Kg6 26. Qf7+ Kh6 27. Rf6+ 1-0